 Dungeon Crawl Stone Soup version 0.29.1-15-g9cfb28693d (webtiles) character file.

Game seed: 8384784340929515838

79 croobank the Ruffian (level 4, 0/44 HPs)
             Began as a Troll Fighter on Apr 22, 2023.
             Slain by a gnoll
             ... wielding a +0 flail
              (6 damage)
             ... on level 2 of the Dungeon.
             The game lasted 00:02:10 (885 turns).

croobank the Ruffian (Troll Fighter)                 Turns: 885, Time: 00:02:10

Health: 0/44       AC:  5    Str: 24    XL:     4   Next: 16%
Magic:  3/3        EV:  8    Int:  6    God:
Gold:   89         SH:  7    Dex:  9    Spells: 3/3 levels left

rFire   . . .      SeeInvis .     - Unarmed
rCold   . . .      Faith    .   b - +0 kite shield
rNeg    . . .      Spirit   .   a - +0 robe
rPois   .          Reflect  .   (helmet restricted)
rElec   .          Harm     .   k - +0 cloak
rCorr   .          Rampage  .   (gloves unavailable)
Will    .....                   (boots unavailable)
Stlth   +.........              (no amulet)
HPRegen 0.94/turn               (no ring)
MPRegen 0.08/turn               (no ring)

@: no status effects
A: large, unfitting armour, claws 3, regeneration 1, shaggy fur 1, tough skin 1
a: no special abilities


You were on level 2 of the Dungeon.
You visited 1 branch of the dungeon, and saw 2 of its levels.

You collected 89 gold pieces.

Inventory:

Hand Weapons
 h - a +2 dagger of venom
Missiles
 g - 3 javelins (quivered)
 n - 6 poisoned darts
Armour
 a - a +0 robe (worn)
 b - a +0 kite shield (worn)
 k - a +0 cloak (worn)
Jewellery
 l - a ring of fire
Scrolls
 d - a scroll of amnesia {unknown}
 e - 2 scrolls of immolation {unknown}
 i - a scroll of teleportation
Potions
 c - a potion of might
 f - a potion of invisibility {unknown}
 j - a potion of brilliance {unknown}
 m - a potion of cancellation {unknown}


   Skills:
 + Level 2.9 Fighting
 - Level 2.4 Dodging
 + Level 3.2 Shields
 * Level 3.4 Unarmed Combat


You had 3 spell levels left.
You didn't know any spells.
Your spell library contained the following spells:

 Spells                   Type           Power      Damage    Failure   Level
 Gell's Gravitas          Tloc           0%         N/A       98%         3
 Teleport Other           Tloc           0%         N/A       98%         3
 Dispersal                Tloc           0%         N/A       100%        6


Dungeon Overview and Level Annotations

Branches:
Dungeon (2/15)

Altars:


Innate Abilities, Weirdness & Mutations

You are too large for most types of armour.
You have claws for hands.
Your natural rate of healing is unusually fast.
You are covered in fur. (AC +1)
You have tough skin. (AC +1)


Message History

You kill the hobgoblin!
The adder bites you. The adder closely misses you.
You miss the adder. The gnoll closely misses you. The adder bites you.
You barely miss the adder. The adder bites you.
You are poisoned.
The adder poisons you! The gnoll closely misses you.
You claw the adder!
You kill the adder!
You feel sick. The gnoll hits you with a +0 flail!
You closely miss the gnoll.
You feel sick. You block the gnoll's attack.
You claw the gnoll!
The gnoll is almost dead.
You feel sick.
The gnoll drinks a potion.
The gnoll is healed!
You barely miss the gnoll.
The gnoll is lightly wounded.
You feel sick. The gnoll hits you with a +0 flail.
The gnoll closely misses you.
You barely miss the gnoll.
The gnoll is lightly wounded.
You feel sick.
You are no longer poisoned.
The gnoll hits you with a +0 flail.
You barely miss the gnoll.
The gnoll is lightly wounded.
The gnoll hits you with a +0 flail.
You closely miss the gnoll.
The gnoll is lightly wounded.
The gnoll hits you with a +0 flail!
* * * LOW HITPOINT WARNING * * *
You scratch the gnoll.
The gnoll is moderately wounded.
The gnoll hits you with a +0 flail!
* * * LOW HITPOINT WARNING * * *
Throw: 4 javelins
Press: ? - help, Q - select action, (/) - cycle Shift-Dir - straight line, f - gnoll
Aim: a gnoll, wielding a +0 flail and quivering poisoned darts (moderately wounded, 58% to hit)
You throw a javelin.
The javelin completely misses the gnoll.
The gnoll hits you with a +0 flail.
You die...

##############
#.............
#.............
#.............
#####.....@g.....(
.###......######.....
...........######.....
.#.................. .
###...............#
....#.........#.#...
...................#
.####..).......#.... #
##................##
.#.


You could see a gnoll.

Vanquished Creatures
  2 gnolls (D:2)
  2 adders (D:2)
  A worm (D:2)
  An endoplasm (D:1)
  A giant cockroach (D:1)
  5 goblins
  7 hobgoblins
  2 quokkas (D:2)
  3 ball pythons
  6 bats
  A frilled lizard (D:1)
  3 kobolds
  3 rats (D:1)
37 creatures vanquished.

Notes
Turn   | Place    | Note
-------+----------+-------------------------------------------
     0 | D:1      | croobank the Troll Fighter began the quest for the Orb.
     0 | D:1      | Reached XP level 1. HP: 22/22 MP: 0/0
   121 | D:1      | Reached XP level 2. HP: 29/29 MP: 1/1
   677 | D:2      | Reached XP level 3. HP: 30/36 MP: 2/2
   820 | D:2      | Reached XP level 4. HP: 17/44 MP: 3/3
   885 | D:2      | Slain by a gnoll

Illustrated notes

Levels and vault maps discovered:
D:1:      dpeg_arrival_long_road, layout_basic
D:2:      layout_rooms, nrook_loot_triangle

Skill      XL: |  1  2  3 |
---------------+----------+-----
Shields        | 3 |  3.2
Unarmed Combat | 3 |  3.4
Fighting       | |  2.9
Dodging        | |  2.4

Action                   |  1- 3 |  4- 6 || total
-------------------------+-------+-------++-------
Melee: Unarmed           |    97 |    14 ||   111
Throw: Javelin           |       |     1 ||     1
  Use: Scroll            |     1 |       ||     1
Armor: Robe              |    55 |       ||    55
Dodge: Dodged            |    56 |     8 ||    64
Block: Kite shield       |    49 |     2 ||    51
